 Dungeon Crawl Stone Soup version 0.22.1-1-ga44c0e5 (webtiles) character file.

686 miragecloak the Insei (level 7, -1/51 HPs)
             Began as an Octopode Transmuter on Sept 26, 2018.
             Killed by nerve-wracking pain
             ... invoked by an orc priest
              (12 damage)
             ... on level 6 of the Dungeon.
             The game lasted 00:06:18 (3870 turns).

miragecloak the Insei (Octopode Transmuter)         Turns: 3870, Time: 00:06:19

Health: -1/51      AC:  5    Str:  9    XL:     7   Next: 62%
Magic:  8/10       EV: 15    Int: 16    God:
Gold:   215        SH:  0    Dex: 14    Spells: 2/10 levels left

rFire    x . .     SeeInvis .     - Unarmed
rCold    + + +     Gourm    .   (shield currently unavailable)
rNeg     . . .     Faith    .   (helmet currently unavailable)
rPois    +         Spirit   .   (no amulet)
rElec    .         Reflect  .   l - ring of protection from cold
rCorr    .         Harm     .   f - +5 ring of evasion
MR       .....                  (no ring)
Stlth    +.........             (no ring)
HPRegen  0.17/turn              (no ring)
MPRegen  0.12/turn              (no ring)
                                (no ring)
                                (no ring)

@: ice-form
A: large, almost no armour, stealthy swim, amphibious, 8 rings, (constrict 8)
a: End Transformation


You were on level 6 of the Dungeon.
You were hungry.
You were a creature of crystalline ice.
You visited 1 branch of the dungeon, and saw 6 of its levels.

You collected 215 gold pieces.

Inventory:

Missiles
 a - 50 arrows
Magical Staves
 p - an uncursed staff of wizardry (melded)
Jewellery
 f - a +5 ring of evasion (right front paw)
 l - a ring of protection from cold (left front paw)
Wands
 m - a wand of digging (9)
Scrolls
 b - 5 scrolls of remove curse {unknown}
 g - 6 scrolls of identify {unknown}
 h - 2 scrolls of teleportation {unknown}
 k - 2 scrolls of enchant armour {unknown}
 o - a scroll of magic mapping {unknown}
 r - a scroll of fog {unknown}
 s - a scroll of random uselessness {unknown}
Potions
 d - a potion of mutation {unknown}
 e - a potion of ambrosia {unknown}
 i - a potion of magic {unknown}
 j - a potion of brilliance {unknown}
 n - 3 potions of curing {unknown}
 q - a potion of lignification {unknown}
 t - a potion of flight {unknown}
Comestibles
 c - 11 rations


   Skills:
 - Level 1.0 Fighting
 - Level 2.1 Dodging
 + Level 5.5 Unarmed Combat
 - Level 2.0 Spellcasting
 - Level 5.0 Transmutations
 - Level 3.2 Ice Magic
 - Level 3.1 Poison Magic


You had 2 spell levels left.
You knew the following spells:

 Your Spells              Type           Power        Failure   Level  Hunger
a - Beastly Appendage     Tmut           ###...       2%          1    #......
b - Spider Form           Tmut/Pois      ##........   12%         3    ###....
c - Ice Form              Ice/Tmut       ##......     36%         4    #####..

Your spell library contained the following spells:

 Spells                   Type           Power        Failure   Level  Hunger
 Sticks to Snakes         Tmut           ###.....     4%          2    ###....
 Blade Hands              Tmut           ###.......   58%         5    ######.


Dungeon Overview and Level Annotations

Branches:
Dungeon (6/15)
 Temple: D:4-7

Altars:

Annotations:
D:3 Terence
D:5 1 runed door, Bugsquash's ghost, novice OpTm


Innate Abilities, Weirdness & Mutations

You cannot wear most types of armour.
You are very stealthy in the water. (Stealth+)
You are amphibious.
You can wear up to eight rings at the same time.
((You can use your tentacles to constrict eight enemies at once.))
((Your skin changes colour to match your surroundings (Stealth+).))
((Your rubbery body absorbs attacks. (AC +1, EV +1)))


Message History

The ogre barely misses you.
You barely miss the ogre.
The ogre is heavily wounded.
The ogre hits you with a giant club!
You punch the ogre! You freeze the ogre.
You kill the ogre!
The orc priest invokes the aid of Beogh against you.
Beogh smites you!
* * * LOW HITPOINT WARNING * * *
Items here: ( ))) † an uncursed short sword; an uncursed blowgun; 3 poisoned needles an uncursed shortbow; a kobold corpse You are too injured to fight recklessly!
Things that are here:
14 gold pieces; an arrow A shadow imp comes into view.
You see here an arrow.
The orc priest calls down the wrath of Beogh upon you.
Pain shoots through your body!
You die...

#.# ..........
..########.5.....K.<
#...................
####...................
#......................
#......................
#.............)...#....
##...(.............##...
#.....(Y(oo).......#....
......(..(.o.......#.
###............)..#..
#..........##...#
#...........o).......
#..........##........
#########.......#....
...###..#..... ...##
...... ..


You could see an orc warrior, 2 orc priests and an orc.

Vanquished Creatures
  An ogre (D:6)
  A centaur (D:6)
  A big kobold (D:5)
  A bullfrog (D:5)
  2 howler monkeys (D:5)
  A hound (D:5)
  An orc wizard (D:5)
  Jessica (D:3)
  4 worker ants
  A worker ant zombie (D:5)
  3 adders
  A shadow imp (D:5)
  3 worms
  A dart slug (D:3)
  2 leopard geckos
  10 orcs
  2 giant cockroaches (D:1)
  7 goblins
  4 hobgoblins
  8 kobolds
  A quokka (D:5)
  7 bats
  8 frilled lizards
  2 jackal skeletons (D:4)
  A quokka zombie (D:5)
  7 rats
81 creatures vanquished.

Vanquished Creatures (others)
  2 withered plants (D:5)
2 creatures vanquished.

Grand Total: 83 creatures vanquished

Notes
Turn   | Place    | Note
-------+----------+-------------------------------------------
     0 | D:1      | miragecloak the Octopode Transmuter began the quest for the
                  | Orb.
     0 | D:1      | Reached XP level 1. HP: 13/13 MP: 3/3
    96 | D:1      | Reached XP level 2. HP: 13/18 MP: 5/5
   567 | D:2      | Reached XP level 3. HP: 23/23 MP: 4/6
   575 | D:2      | Learned a level 3 spell: Spider Form
   784 | D:2      | Reached skill level 1 in Poison Magic
  1484 | D:3      | Noticed Jessica
  1501 | D:3      | Killed Jessica
  1501 | D:3      | Reached XP level 4. HP: 22/28 MP: 2/7
  1730 | D:3      | Noticed Terence
  1954 | D:4      | Reached XP level 5. HP: 33/33 MP: 4/8
  2279 | D:4      | Learned a level 4 spell: Ice Form
  2469 | D:5      | Entered Level 5 of the Dungeon
  2548 | D:5      | Reached skill level 1 in Ice Magic
  2595 | D:5      | Reached XP level 6. HP: 38/38 MP: 5/9
  3056 | D:5      | Noticed Bugsquash's ghost (novice OpTm)
  3059 | D:5      | Found a runed door.
  3152 | D:6      | Noticed an orc warrior
  3213 | D:5      | Reached skill level 5 in Transmutations
  3213 | D:5      | Reached XP level 7. HP: 31/43 MP: 7/10
  3735 | D:5      | Reached skill level 5 in Unarmed Combat
  3870 | D:6      | Killed from afar by an orc priest

Skill      XL: |  1  2  3  4  5  6  7 |
---------------+----------------------+-----
Transmutations | 3 4 5 |  5.0
Poison Magic   | 2 3 |  3.1
Ice Magic      | 2 3 |  3.2
Unarmed Combat | 5 |  5.5
Fighting       | |  1.0
Dodging        | |  2.1
Spellcasting   | |  2.0

Action                   |  1- 3 |  4- 6 |  7- 9 || total
-------------------------+-------+-------+-------++-------
Melee: Unarmed           |    88 |    94 |    27 ||   209
       Constrict         |    15 |     3 |       ||    18
       Kick              |     6 |       |       ||     6
       Tentacles         |     5 |     3 |       ||     8
       Staff             |       |     7 |       ||     7
 Cast: Beastly Appendage |    10 |       |       ||    10
       Spider Form       |    13 |    20 |       ||    33
       Ice Form          |       |       |     4 ||     4
 Stab: Sleeping          |     5 |     1 |       ||     6
  Eat: Chunk             |     2 |     6 |     3 ||    11
       Ration            |       |     1 |       ||     1
Armor: Skin              |     7 |     6 |     3 ||    16
Dodge: Dodged            |    58 |    97 |    37 ||   192
